 Dungeon Crawl Stone Soup version 0.26.1-11-gd32895ea62 (webtiles) character file.

Game seed: 8077064052885297750

255489 Amplified the Warrior (level 19, -12/155 HPs)
             Began as a Demonspawn Ice Elementalist on July 18, 2021.
             Was the Champion of Makhleb.
             Mangled by a frost giant
             ... wielding a +2 battleaxe of freezing
              (19 damage)
             ... on level 2 of the Vaults on July 19, 2021.
             The game lasted 01:41:59 (47301 turns).

Amplified the Warrior (DsIE)                       Turns: 47301, Time: 01:41:59

Health: -12/155    AC: 27    Str: 13    XL:     19   Next: 43%
Magic:  33/36      EV: 12    Int: 21    God:    Makhleb [******]
Gold:   1052       SH: 14    Dex: 15    Spells: 33/45 levels left

rFire    + . .     SeeInvis +   L - +8 trident of Roawulanti {venom, rF+ rN+ Str+2}
rCold    + . .     Faith    .   A - +1 kite shield {reflect}
rNeg     + + .     Spirit   .   i - +3 leather armour
rPois    +         Reflect  +   z - +1 helmet of Qaubahe {rPois}
rElec    +         Harm     .   r - +2 cloak {rPois}
rCorr    .         Rampage  +   (gloves unavailable)
Will     +....                  S - +2 pair of boots {rampage}
Stlth    ++........             g - amulet of the acrobat
HPRegen  0.35/turn              p - ring of willpower
MPRegen  0.25/turn              I - ring "Vuabe" {rN+ SInv}

@: icy armour, weak-willed, very slightly contaminated, invisible
A: claws 3, thin metallic scales 3, cold resistance 1, foul stench 1, miasma
immunity, freezing cloud immunity
}: 1/15 runes: gossamer
a: Renounce Religion, Minor Destruction, Lesser Servant of Makhleb, Major
Destruction, Greater Servant of Makhleb


You were on level 2 of the Vaults.
You worshipped Makhleb.
Makhleb was exalted by your worship.
You visited 8 branches of the dungeon, and saw 34 of its levels.
You visited 1 bazaar.
You also visited: Ossuary, Bailey and Gauntlet.

You collected 4492 gold pieces.
You spent 3440 gold pieces at shops.

Inventory:

Hand Weapons
 y - a +3 vorpal flail
 L - the +8 trident of Roawulanti (weapon) {venom, rF+ rN+ Str+2}
   (You found it on level 2 of the Spider Nest)

   It poisons the flesh of those it strikes.
   It affects your strength (+2).
   It protects you from fire.
   It protects you from negative energy.
Missiles
 s - 80 poisoned darts
 B - 13 curare-tipped darts (quivered)
 O - 5 datura-tipped darts
Armour
 i - a +3 leather armour (worn)
 r - a +2 cloak of poison resistance (worn)
 v - +1 shadow dragon scales
 x - the +6 chain mail of the Snail {rElec}
   (You took it off a minotaur in a Gauntlet)

   It insulates you from electricity.
 z - the +1 helmet of Qaubahe (worn) {rPois}
   (You found it in a Gauntlet)

   It protects you from poison.
 A - a +1 kite shield of reflection (worn)
 G - a +3 tower shield of protection
 S - a +2 pair of boots of rampaging (worn)
Jewellery
 f - an uncursed ring of protection from fire
 g - an amulet of the acrobat (around neck)
 p - a ring of willpower (left claw)
 C - an uncursed ring of positive energy
 H - a cursed ring of resist corrosion
 I - the ring "Vuabe" (right claw) {rN+ SInv}
   (You found it on level 6 of the Lair of Beasts)

   [ring of see invisible]

   It protects you from negative energy.
   It lets you see invisible.
 K - an uncursed amulet of reflection {unknown}
 N - an uncursed ring of willpower
Wands
 l - a wand of paralysis (4)
 q - a wand of enslavement (25)
 F - a wand of iceblast (7)
 W - a wand of disintegration (18)
 X - a wand of random effects (19)
 Y - a wand of flame (39)
Scrolls
 a - 4 scrolls of amnesia
 b - 23 scrolls of remove curse
 j - 4 scrolls of enchant weapon
 m - 4 scrolls of fog
 t - a scroll of teleportation
 M - 2 scrolls of brand weapon
 Z - 2 scrolls of holy word
Potions
 c - 2 potions of invisibility
 e - a potion of resistance
 k - 4 potions of magic
 n - 5 potions of attraction
 o - 3 potions of curing
 u - 16 potions of ambrosia
 w - 6 potions of mutation
 E - 2 potions of might
 J - 7 potions of flight
 P - 4 potions of haste
 U - 4 potions of brilliance
 V - 2 potions of cancellation
Miscellaneous
 h - a lightning rod (4/4)
 D - a box of beasts


   Skills:
 - Level 15.4 Fighting
 - Level 10.7 Maces & Flails
 * Level 10.0 Polearms
 - Level 6.2 Armour
 - Level 1.7 Dodging
 - Level 1.7 Stealth
 - Level 15.0 Shields
 - Level 13.5 Spellcasting
 - Level 10.9 Ice Magic
 - Level 8.0 Air Magic
 - Level 6.8 Invocations


You had 33 spell levels left.
You knew the following spells:

 Your Spells              Type           Power        Failure   Level
a - Airstrike             Air            24%          1%          4
b - Frozen Ramparts       Ice            100%         1%          3
c - Ozocubu's Armour      Ice            57%          1%          3
d - Passwall              Tmut/Erth      11%          9%          2

Your spell library contained the following spells:

 Spells                   Type           Power        Failure   Level
 Freeze                   Ice            100%         1%          1
 Shock                    Conj/Air       100%         1%          1
 Ensorcelled Hibernation  Hex/Ice        74%          1%          2
 Poisonous Vapours        Pois/Air       62%          1%          2
 Swiftness                Air            48%          1%          2
 Static Discharge         Conj/Air       31%          3%          3
 Apportation              Tloc           28%          5%          1
 Corona                   Hex            15%          5%          1
 Foxfire                  Conj/Fire      56%          5%          1
 Magic Dart               Conj           56%          5%          1
 Sting                    Tmut/Pois      56%          5%          1
 Mephitic Cloud           Conj/Pois/Air  25%          5%          3
 Hailstorm                Conj/Ice       37%          6%          4
 Summon Ice Beast         Ice/Summ       37%          6%          4
 Searing Ray              Conj           28%          9%          2
 Confusing Touch          Hex            14%          17%         3
 Conjure Flame            Conj/Fire      14%          17%         3
 Dazzling Flash           Conj/Hex       28%          17%         3
 Ignite Poison            Fire/Tmut/Pois 14%          17%         3
 Inner Flame              Hex/Fire       14%          17%         3
 Lesser Beckoning         Tloc           7%           17%         3
 Tukima's Dance           Hex            14%          17%         3
 Lightning Bolt           Conj/Air       15%          30%         5
 Fulminant Prism          Conj/Hex       7%           50%         4
 Iskenderun's Mystic Bla  Conj/Tloc      14%          50%         4
 Olgreb's Toxic Radiance  Pois           14%          50%         4
 Passage of Golubria      Tloc           N/A          50%         4
 Sticky Flame             Conj/Fire      14%          50%         4
 Alistair's Intoxication  Tmut/Pois      9%           83%         5
 Fireball                 Conj/Fire      7%           83%         5
 Lee's Rapid Deconstruct  Erth           7%           83%         5
 Invisibility             Hex            14%          100%        6
 Haunt                    Necr/Summ      7%           100%        7
 Borgnjor's Revivificati  Necr           7%           100%        8
 Infestation              Necr           7%           100%        8
 Necromutation            Tmut/Necr      7%           100%        8
 Death's Door             Necr           7%           100%        9


Dungeon Overview and Level Annotations

Branches:
Dungeon (15/15)            Temple (1/1) D:6            Lair (6/6) D:11
  Swamp (1/4) Lair:4       Spider (4/4) Lair:2        Slime (0/5) Lair:6
    Orc (2/2) D:12            Elf (3/3) Orc:2        Vaults (2/5) D:13
 Depths (0/5) D:15        Ossuary (visited)          Bailey (visited)
Gauntlet (visited)
  Crypt: Vaults:2-3

Altars:
Cheibriados
Dithmenos
Elyvilon
Fedhas
Gozag
Hepliaklqana
Kikubaaqudgha
Makhleb
Nemelex Xobeh
Okawaru
Qazlal
Trog
Uskayaw
Wu Jian
Xom
Yredelemnul
Zin
Beogh

Shops:
D:5 *   D:7 (*[}   D:14 *   Orc:1 *   Orc:2 !:(!   Elf:2 (   Vaults:2 (

Portals:
Hell: Lair:6

Annotations:
Lair:2 exclusion: oklob plant
Lair:4 exclusion: 2 oklob plants
Swamp:1 Nikola
Elf:1 Louise
Elf:2 5 runed translucent doors


Innate Abilities, Weirdness & Mutations

You have claws for hands.
You are completely covered in thin metallic scales. (AC +4, rElec)
Your flesh is cold resistant. (rC+)
You may emit foul miasma when damaged in melee.
You are immune to miasma.
You are immune to freezing clouds.


Message History

* * * LOW HITPOINT WARNING * * *
You hit the frost giant but do no damage.
The frost giant looks as sick as possible!
The frost giant is severely wounded.
Unknown command.
Unknown command.
Okay, then.
You feel better.
The frost giant gestures at you while chanting.
The bolt of cold hits you!! You resist.
* * * LOW HITPOINT WARNING * * *
Unknown command.
Okay, then.
Okay, then.
Okay, then.
Okay, then.
As you read the scroll of summoning, it crumbles to dust.
Wisps of shadow whirl around you...
The frost giant hits you with a +2 battleaxe of freezing!!
You die...

.....#.....#.....#
.....#.....#.....#
....###....#.....# .####
####.#..JJ.#
....###....#.....#
.....#.....#.....# ###
.. ...<.#.....'.JcpJ#
...# +#####
.....#.....#..WJJ# ..y.#
......
...........#....@#.∩...#
.......
############...p.CW....#
....... #.....#.....#
..[.... #.....#...$.#
....eoe #...c.# #####
.....o. #.....# .....oo
#.....# ....... #.....#
....§.u #.....# #######


You could see a frost giant (extremely poisoned, sick), a shadow wraith
(invisible), a friendly vault warden (summoned), 6 friendly slime creatures, a
friendly flayed ghost (summoned), 2 friendly yaktaurs and a friendly wizard
(summoned).

Vanquished Creatures
  The ghost of Axipewex the Grappler, a journeyman OgTm of Okawaru (D:14)
  6 ghost moths
  A deep elf sorcerer (Elf:3)
  The ghost of Xiestris the Carver, a journeyman DsGl of Makhleb (D:15)
  A vault warden (Vaults:1)
  5 emperor scorpions
  2 ironheart preservers (Vaults:1)
  A stone giant (Vaults:2)
  A minotaur (Gauntlet)
  4 entropy weavers
  Snorg (D:10)
  2 deep elf death magi
  A fire dragon (Vaults:1)
  Erolcha (D:9)
  The ghost of Purph the Cleaver, a journeyman MiBe of Trog (Lair:1)
  Josephine (D:12)
  A yaktaur captain (Vaults:1)
  8 boulder beetles
  15 hydras
  8 vault guards (D:13)
  A rakshasa (Vaults:1)
  3 centaur warriors
  A two-headed ogre (shapeshifter) (Vaults:1)
  18 two-headed ogres
  A hydra (shapeshifter) (Elf:2)
  2 death knights
  21 dancing weapons
  4 ogre magi
  A death scarab (Gauntlet)
  A tengu warrior (D:13)
  A queen ant (Spider:2)
  A deep troll earth mage (Vaults:1)
  An orc high priest (Orc:1)
  7 deep elf knights
  A sun demon (Lair:6)
  3 skeletal warriors (D:11)
  8 unseen horrors
  7 deep trolls
  4 wizards
  2 bog bodies
  9 deep elf archers
  2 phantasmal warriors
  A glowing orange brain (Vaults:1)
  5 orc knights
  27 orb spiders
  An ironbrand convoker (Vaults:1)
  A mana viper (shapeshifter) (Elf:1)
  29 wolf spiders
  27 deep elf magi
  A moth of wrath (shapeshifter) (D:15)
  14 ugly things
  7 cyclopes
  3 moths of wrath
  The ghost of RepoMan the Frost Mage, a novice FoIE of the Shining One (D:6)
  8 elephants (Lair:6)
  6 black mambas
  A vault sentinel (Vaults:1)
  A gargoyle (D:15)
  An orange demon (Lair:6)
  18 cane toads
  2 torpor snails
  A kobold demonologist (D:14)
  2 freezing wraiths
  4 rime drakes
  3 ice devils (Lair:6)
  9 demonic crawlers
  6 komodo dragons
  A red devil (Lair:6)
  32 jumping spiders
  14 trolls
  A tengu conjurer (D:13)
  A hellwing (Lair:6)
  11 meliai
  3 queen bees
  10 hornets
  4 tyrant leeches (Spider:3)
  3 polar bears (Lair:3)
  A troll (shapeshifter) (D:15)
  A blink frog (shapeshifter) (Elf:1)
  11 slime creatures (D:15)
  17 blink frogs
  11 dream sheep
  A spectral black mamba (Gauntlet)
  5 wyverns
  2 shadows
  2 air elementals (Elf:2)
  A ynoxinul (Gauntlet)
  69 redbacks
  66 yaks
  2 water elementals
  42 tarantellas
  9 wraiths
  Grum (D:9)
  A fire elemental (Elf:2)
  8 basilisks
  4 vampire mosquitoes (D:15)
  Edmund (D:6)
  6 soldier ants (Spider:2)
  5 wargs
  An acid dragon (Vaults:1)
  12 water moccasins
  4 hell hounds (Lair:6)
  28 orc warriors
  4 ice beasts
  A hornet zombie (D:15)
  A black bear (D:12)
  5 sky beasts
  An eye of draining (D:12)
  6 necrophages
  29 ogres
  11 centaurs
  4 boggarts (D:15)
  An ogre (shapeshifter) (Vaults:1)
  22 wolves
  2 phantoms
  19 bullfrogs
  2 gnoll sergeants
  3 earth elementals
  2 wyvern skeletons
  9 scorpions
  2 wights (D:11)
  40 killer bees
  5 electric eels
  2 centaur zombies
  3 jellies
  18 orc priests
  3 iron imps (Gauntlet)
  3 bullfrog zombies
  11 hounds
  5 bullfrog skeletons
  6 centaur skeletons
  4 iguanas
  21 orc wizards
  26 worker ants
  3 hound skeletons
  A mummy (Ossuary)
  13 gnolls
  11 adders
  A shadow imp (D:9)
  5 white imps
  3 ufetubi
  An adder zombie (D:6)
  2 worms (D:3)
  5 leopard geckos
  95 orcs
  3 bats
  7 giant cockroaches
  11 goblins
  13 hobgoblins
  21 jackals
  7 quokkas
  9 frilled lizards
  3 gnoll skeletons (Ossuary)
  A jackal skeleton (D:7)
  A jackal zombie (D:5)
  18 kobolds
  7 kobold skeletons (Ossuary)
  15 orc skeletons (Ossuary)
  8 rats
1266 creatures vanquished.

Vanquished Creatures (collateral kills)
  A deep elf annihilator (Vaults:1)
  An orc knight (Vaults:1)
  An ironbrand convoker (Vaults:1)
  2 orc warriors
  An orc wizard (Orc:2)
  An orc priest (D:7)
  4 orcs
  A goblin (Bailey)
  4 kobolds (Bailey)
16 creatures vanquished.

Vanquished Creatures (others)
  An orc knight (Orc:2)
  A jumping spider (Spider:1)
  A hornet (D:15)
  A water elemental (Elf:1)
  26 fungi
  41 plants
71 creatures vanquished.

Grand Total: 1353 creatures vanquished

Notes
Turn   | Place    | Note
-------+----------+-------------------------------------------
     0 | D:1      | Amplified the Demonspawn Ice Elementalist began the quest
                  | for the Orb.
     0 | D:1      | Reached XP level 1. HP: 13/13 MP: 3/3
   445 | D:1      | Gained mutation: You have sharp fingernails. [demonic
                  | ancestry]
   445 | D:1      | Reached XP level 2. HP: 20/20 MP: 3/5
   525 | D:1      | Reached skill level 1 in Fighting
   901 | D:2      | Gained mutation: You have very sharp fingernails. [demonic
                  | ancestry]
   901 | D:2      | Reached XP level 3. HP: 13/26 MP: 1/6
  1141 | D:2      | Learned a level 3 spell: Frozen Ramparts
  1371 | D:2      | Learned a level 3 spell: Ozocubu's Armour
  1893 | D:2      | Reached XP level 4. HP: 33/33 MP: 8/8
  2606 | D:2      | Gained mutation: You have claws for hands. [demonic
                  | ancestry]
  2606 | D:2      | Reached XP level 5. HP: 30/39 MP: 5/9
  3521 | D:4      | Gained mutation: You are partially covered in thin metallic
                  | scales. (AC +2) [demonic ancestry]
  3521 | D:4      | Reached XP level 6. HP: 45/47 MP: 7/11
  3537 | D:4      | Reached skill level 5 in Ice Magic
  3901 | D:4      | Got a buzzing ring mail
  3935 | D:4      | Identified the +2 ring mail "Acytuun" {-Tele rN+ Dex+2}
                  | (You found it on level 4 of the Dungeon)
  4210 | D:5      | Entered Level 5 of the Dungeon
  4502 | D:5      | Reached XP level 7. HP: 43/54 MP: 9/13
  4860 | D:5      | Found Duarr's Elemental Accessories.
  5859 | D:6      | Found a staircase to the Ecumenical Temple.
  5884 | D:6      | Reached skill level 5 in Spellcasting
  5903 | Temple   | Entered the Ecumenical Temple
  5940 | Temple   | Became a worshipper of Makhleb the Destroyer
  6056 | D:6      | Reached skill level 5 in Fighting
  6065 | D:6      | Reached XP level 8. HP: 52/62 MP: 10/15
  6163 | D:6      | Found a sand-covered staircase.
  6168 | Ossuary  | Entered an ossuary
  6302 | Ossuary  | Reached * piety under Makhleb
  6871 | D:6      | Found a runed translucent gate.
  6871 | D:6      | Found a runed translucent gate.
  6927 | D:6      | Noticed RepoMan's ghost (novice FoIE)
  6929 | D:6      | Found a runed translucent gate.
  7019 | D:6      | Noticed Edmund
  7037 | D:6      | Reached ** piety under Makhleb
  7038 | D:6      | Killed Edmund
  7158 | D:6      | Found a snail-covered altar of Cheibriados.
  7706 | D:7      | Gained mutation: Your flesh is cold resistant. (rC+)
                  | [demonic ancestry]
  7706 | D:7      | Reached XP level 9. HP: 69/71 MP: 18/18
  7802 | D:7      | Found Giasefoq's Gadget Shoppe.
  7803 | D:7      | Found Taemuori's Armour Shop.
  7842 | D:7      | Bought a +1 buckler of fire resistance for 231 gold pieces
  7983 | D:7      | Reached skill level 1 in Maces & Flails
  7983 | D:7      | Reached skill level 1 in Shields
  8228 | D:7      | Found a snail-covered altar of Cheibriados.
  8242 | D:7      | Found an opulent altar of Gozag.
  8424 | D:7      | Found Hien's Weapon Boutique.
  8486 | D:7      | Found Gokkasets's General Store.
  8548 | D:7      | Noticed a troll
  8562 | D:7      | Killed a troll
  9018 | D:7      | Killed an unseen horror
  9302 | D:7      | Gained mutation: You are immune to miasma. [demonic
                  | ancestry]
  9302 | D:7      | Reached XP level 10. HP: 80/80 MP: 15/19
  9632 | D:8      | Reached *** piety under Makhleb
  9693 | D:8      | Found a transporter.
  9694 | D:8      | Found a transporter.
  9695 | D:8      | Noticed a boulder beetle
 10025 | D:8      | Identified a scroll of acquirement
 10026 | D:8      | Acquired a +1 tower shield of protection
 10318 | D:9      | Noticed Erolcha
 10331 | D:9      | Killed Erolcha
 10332 | D:9      | Reached skill level 5 in Maces & Flails
 10332 | D:9      | Reached skill level 5 in Shields
 10555 | D:9      | Noticed Grum
 10574 | D:9      | Killed Grum
 11124 | D:9      | Found a shadowy altar of Dithmenos.
 11223 | D:10     | Entered Level 10 of the Dungeon
 11410 | D:10     | Reached **** piety under Makhleb
 11486 | D:10     | Noticed a boulder beetle
 11499 | D:10     | Killed a boulder beetle
 11691 | D:10     | Gained mutation: You are immune to freezing clouds.
                  | [demonic ancestry]
 11691 | D:10     | Reached XP level 11. HP: 90/90 MP: 21/21
 11998 | D:10     | Killed an unseen horror
 12118 | D:10     | Noticed Snorg
 12148 | D:10     | Killed Snorg
 12561 | D:11     | Reached skill level 10 in Fighting
 12658 | D:11     | Found a gate leading to a gauntlet.
 12675 | D:11     | Noticed a five-headed hydra
 12679 | Gauntlet | Entered a Gauntlet
 12679 | Gauntlet | Found a transporter.
 12686 | Gauntlet | Noticed a death scarab
 12915 | Gauntlet | Found a transporter.
 12926 | Gauntlet | Found a transporter.
 12929 | Gauntlet | Found a transporter.
 12933 | Gauntlet | Noticed an obsidian statue
 12943 | Gauntlet | Found a transporter.
 12958 | Gauntlet | Found a transporter.
 12969 | Gauntlet | Found a transporter.
 12982 | Gauntlet | Found a transporter.
 12984 | Gauntlet | Noticed a thrashing horror
 13000 | Gauntlet | Found a transporter.
 13011 | Gauntlet | Found a transporter.
 13011 | Gauntlet | Found a transporter.
 13054 | Gauntlet | Found a transporter.
 13068 | Gauntlet | Found a transporter.
 13082 | Gauntlet | Found a transporter.
 13162 | Gauntlet | Killed a death scarab
 13272 | Gauntlet | Got a heavily runed helmet
 13289 | Gauntlet | Identified the +1 helmet of Qaubahe {rPois} (You found it
                  | in a Gauntlet)
 13347 | Gauntlet | Identified the +6 chain mail of the Snail {rElec}
 13347 | Gauntlet | Noticed a minotaur
 13374 | Gauntlet | Killed a minotaur
 13662 | D:12     | Noticed Josephine
 13757 | D:12     | Found a flagged portal.
 13761 | Bailey   | Entered a bailey
 13903 | Bailey   | Noticed an orc knight
 13907 | Bailey   | Noticed an orc knight
 13938 | Bailey   | Killed an orc knight
 13990 | Bailey   | Reached ***** piety under Makhleb
 14025 | Bailey   | Killed an orc knight
 14421 | D:12     | Noticed an eight-headed hydra
 14431 | D:12     | Noticed an unseen horror
 14431 | D:12     | Noticed an unseen horror
 14432 | D:12     | Noticed a two-headed ogre
 14434 | D:12     | Found the +5 sword of Power {vorpal}
 14469 | D:12     | Reached XP level 12. HP: 88/97 MP: 18/24
 14475 | D:12     | Killed an eight-headed hydra
 14476 | D:12     | Reached skill level 1 in Armour
 14483 | D:12     | Killed Josephine
 14642 | D:12     | Killed a two-headed ogre
 14712 | D:12     | Found a staircase to the Orcish Mines.
 15033 | D:11     | Killed a five-headed hydra
 15060 | D:11     | Found a staircase to the Lair.
 15727 | D:11     | Noticed a two-headed ogre
 15734 | D:11     | Killed a two-headed ogre
 15735 | D:11     | Reached skill level 10 in Ice Magic
 15924 | D:11     | You fall into a shaft and drop 1 floor!
 16570 | Lair:1   | Entered Level 1 of the Lair of Beasts
 16763 | Lair:1   | Gained mutation: You may emit foul miasma when damaged in
                  | melee. [demonic ancestry]
 16763 | Lair:1   | Reached XP level 13. HP: 80/107 MP: 20/26
 17442 | Lair:1   | Found a runed translucent door.
 17443 | Lair:1   | Noticed Purph's ghost (journeyman MiBe)
 17946 | Lair:1   | Killed Purph's ghost
 18947 | Lair:2   | Found a hole to the Spider Nest.
 19383 | Lair:3   | Reached skill level 5 in Armour
 19542 | Lair:3   | Reached skill level 10 in Spellcasting
 20557 | Lair:3   | Reached ****** piety under Makhleb
 21322 | Lair:4   | Found a staircase to the Swamp.
 21969 | Lair:5   | Reached skill level 10 in Shields
 22389 | Lair:5   | Reached XP level 14. HP: 116/116 MP: 22/28
 22921 | Lair:6   | Entered Level 6 of the Lair of Beasts
 23164 | Orc:1    | Entered Level 1 of the Orcish Mines
 23164 | Orc:1    | Found Qotorph's General Store.
 23251 | Orc:1    | Bought a scroll of teleportation for 42 gold pieces
 23251 | Orc:1    | Bought a potion of heal wounds for 70 gold pieces
 23251 | Orc:1    | Bought a scroll of identify for 28 gold pieces
 23290 | Orc:1    | Found a roughly hewn altar of Beogh.
 23337 | Orc:2    | Entered Level 2 of the Orcish Mines
 23337 | Orc:2    | Found a roughly hewn altar of Beogh.
 23989 | Orc:2    | Found a staircase to the Elven Halls.
 24538 | Orc:2    | Found Borut's Distillery.
 24641 | Orc:2    | Found Xuybomeq's Book Boutique.
 24648 | Orc:2    | Found Nijyin's Antique Weapon Shoppe.
 24649 | Orc:2    | Found Suxuuhah's Distillery.
 24677 | Orc:2    | Bought a potion of resistance for 170 gold pieces
 24677 | Orc:2    | Bought a potion of might for 68 gold pieces
 24677 | Orc:2    | Bought a potion of haste for 170 gold pieces
 24677 | Orc:2    | Bought a potion of cancellation for 136 gold pieces
 24677 | Orc:2    | Bought a potion of magic for 136 gold pieces
 24677 | Orc:2    | Bought a potion of brilliance for 68 gold pieces
 24838 | Orc:2    | Bought a potion of curing for 39 gold pieces
 24838 | Orc:2    | Bought a potion of curing for 39 gold pieces
 24838 | Orc:2    | Bought a potion of curing for 39 gold pieces
 24838 | Orc:2    | Bought a potion of heal wounds for 65 gold pieces
 24838 | Orc:2    | Bought a potion of haste for 130 gold pieces
 24838 | Orc:2    | Bought a potion of curing for 39 gold pieces
 24838 | Orc:2    | Bought a potion of might for 52 gold pieces
 24838 | Orc:2    | Bought a potion of resistance for 130 gold pieces
 25313 | D:13     | Found Agozucs's Book Shop.
 25423 | D:13     | Found a gate to the Vaults.
 25530 | D:13     | Reached XP level 15. HP: 124/124 MP: 21/30
 26524 | D:14     | Found Ublud's General Store.
 26528 | D:14     | Bought a scroll of torment for 112 gold pieces
 26974 | D:14     | Found a transporter.
 26979 | D:14     | Found a transporter.
 27100 | D:14     | Noticed Axipewex's ghost (journeyman OgTm)
 27408 | D:14     | Killed Axipewex's ghost
 27472 | D:14     | Learned a level 4 spell: Airstrike
 27522 | D:15     | Entered Level 15 of the Dungeon
 27923 | D:15     | Noticed an azure jelly
 27923 | D:15     | a dire elephant changed into an azure jelly
 27929 | D:15     | Noticed a frost giant
 27929 | D:15     | an azure jelly changed into a frost giant
 27937 | D:15     | Noticed a shadow dragon
 27937 | D:15     | a frost giant changed into a shadow dragon
 27944 | D:15     | Noticed a quicksilver dragon
 27944 | D:15     | a shadow dragon changed into a quicksilver dragon
 27945 | D:15     | a quicksilver dragon changed into an eleionoma
 27946 | D:15     | Noticed a fire giant
 27946 | D:15     | an eleionoma changed into a fire giant
 27951 | D:15     | a fire giant changed into a stone giant
 27953 | D:15     | Noticed a frost giant
 27953 | D:15     | a stone giant changed into a frost giant
 27955 | D:15     | a frost giant changed into a stone giant
 27968 | D:15     | Noticed a quicksilver dragon
 27968 | D:15     | a dire elephant changed into a quicksilver dragon
 27969 | D:15     | a quicksilver dragon changed into a stone giant
 27972 | D:15     | Noticed a shadow dragon
 27972 | D:15     | a stone giant changed into a shadow dragon
 27981 | D:15     | Noticed a sphinx
 27981 | D:15     | a shadow dragon changed into a sphinx
 27985 | D:15     | Noticed a fenstrider witch
 27985 | D:15     | a sphinx changed into a fenstrider witch
 27987 | D:15     | a fenstrider witch changed into a stone giant
 27990 | D:15     | Noticed a fenstrider witch
 27990 | D:15     | a stone giant changed into a fenstrider witch
 27991 | D:15     | a fenstrider witch changed into an alligator snapping
                  | turtle
 27993 | D:15     | Noticed a quicksilver dragon
 27993 | D:15     | an alligator snapping turtle changed into a quicksilver
                  | dragon
 27994 | D:15     | Noticed an iron dragon
 27994 | D:15     | a quicksilver dragon changed into an iron dragon
 27999 | D:15     | Found a flickering gateway to a bazaar.
 28006 | D:15     | Noticed a golden dragon
 28006 | D:15     | an iron dragon changed into a golden dragon
 28025 | D:15     | Noticed a sphinx
 28030 | D:15     | Noticed an azure jelly
 28030 | D:15     | a sphinx changed into an azure jelly
 28033 | D:15     | an azure jelly changed into a stone giant
 28039 | D:15     | Noticed a quicksilver dragon
 28039 | D:15     | a stone giant changed into a quicksilver dragon
 28044 | D:15     | a quicksilver dragon changed into an iron troll
 28046 | D:15     | Noticed an azure jelly
 28046 | D:15     | an iron troll changed into an azure jelly
 28049 | D:15     | an azure jelly changed into a dire elephant
 28060 | D:15     | Noticed a storm dragon
 28062 | D:15     | a storm dragon changed into a queen ant
 28211 | D:15     | Found a transporter.
 28214 | D:15     | Noticed Xiestris's ghost (journeyman DsGl)
 28215 | D:15     | Found a transporter.
 28413 | D:15     | Found a staircase to the Depths.
 28523 | Bazaar   | Entered a bazaar
 28553 | Bazaar   | Found Renloy's Jewellery Emporium.
 28553 | Bazaar   | Found Syer's Jewellery Emporium.
 28554 | Bazaar   | Found Fizuarar's General Store.
 28585 | Bazaar   | Found Ikhlaesuj's Magic Scroll Boutique.
 28593 | Bazaar   | Bought a scroll of blinking for 60 gold pieces
 28593 | Bazaar   | Bought a scroll of teleportation for 24 gold pieces
 28593 | Bazaar   | Bought a scroll of magic mapping for 28 gold pieces
 28593 | Bazaar   | Bought a scroll of fog for 16 gold pieces
 28593 | Bazaar   | Bought a scroll of brand weapon for 160 gold pieces
 28593 | Bazaar   | Bought a scroll of summoning for 76 gold pieces
 28615 | Bazaar   | Bought a potion of experience for 750 gold pieces
 28615 | Bazaar   | Bought a potion of magic for 120 gold pieces
 28618 | Bazaar   | Gained mutation: You are mostly covered in thin metallic
                  | scales. (AC +3) [demonic ancestry]
 28618 | Bazaar   | Reached XP level 16. HP: 133/133 MP: 32/32
 29141 | D:15     | Killed Xiestris's ghost
 29468 | D:6      | Learned a level 2 spell: Passwall
 29494 | D:6      | Killed RepoMan's ghost
 29755 | Lair:6   | Found a staircase to the Slime Pits.
 30157 | Lair:6   | Reached XP level 17. HP: 137/140 MP: 30/33
 30842 | Lair:6   | Found an iron altar of Okawaru.
 31095 | Lair:6   | Found a burning altar of Makhleb.
 31190 | Lair:6   | Found a gateway to Hell.
 31199 | Lair:6   | Got a faintly glowing granite ring
 31203 | Lair:6   | Identified the ring "Vuabe" {rN+ SInv} (You found it on
                  | level 6 of the Lair of Beasts)
 31585 | Lair:2   | Identified the +7 mace of the Ageing Mosquito {vorpal,
                  | Fragile rN+ MP+9 Dex+3} (You found it on level 2 of the
                  | Lair of Beasts)
 31704 | Elf:1    | Entered Level 1 of the Elven Halls
 31851 | Elf:1    | Reached skill level 10 in Maces & Flails
 31884 | Elf:1    | Reached skill level 1 in Air Magic
 33916 | Elf:2    | Found a huge runed translucent gate.
 33917 | Elf:2    | Found a huge runed translucent gate.
 33917 | Elf:2    | Found a huge runed translucent gate.
 33918 | Elf:2    | Found a huge runed translucent gate.
 33918 | Elf:2    | Found a huge runed translucent gate.
 33987 | Elf:2    | Found Seineget's Antique Weapon Emporium.
 33997 | Elf:2    | Bought a steaming war axe for 221 gold pieces
 33997 | Elf:2    | Identified the cursed +1 war axe of a ziggurat {freeze, rF+
                  | Will+ Dex+5} (You bought it in a shop on level 2 of the
                  | Elven Halls)
 33998 | Elf:2    | Bought a scorched hand crossbow for 221 gold pieces
 33998 | Elf:2    | Identified the +8 hand crossbow of Dissent {elec, rN+ Str-3
                  | Dex+4} (You bought it in a shop on level 2 of the Elven
                  | Halls)
 34547 | Elf:3    | Entered Level 3 of the Elven Halls
 35043 | Elf:3    | Reached skill level 5 in Air Magic
 35346 | Elf:1    | Noticed Louise
 36540 | Spider:1 | Entered Level 1 of the Spider Nest
 37221 | Swamp:1  | Entered Level 1 of the Swamp
 37288 | Swamp:1  | Noticed Nikola
 37862 | Spider:1 | Reached XP level 18. HP: 126/148 MP: 7/35
 38287 | Spider:1 | Found a runed translucent door.
 39062 | Spider:2 | You fall into a shaft and drop 1 floor!
 39101 | Spider:3 | Reached skill level 15 in Fighting
 40702 | Spider:4 | Entered Level 4 of the Spider Nest
 41029 | Spider:2 | Got an iridescent trident
 41885 | Spider:2 | Identified the +8 trident of Roawulanti {venom, rF+ rN+
                  | Str+2} (You found it on level 2 of the Spider Nest)
 42478 | Spider:4 | Reached skill level 15 in Shields
 42496 | Spider:4 | Reached skill level 1 in Polearms
 42692 | Spider:4 | Acquired a +1 kite shield of reflection
 43544 | Spider:4 | Reached skill level 5 in Polearms
 44298 | Spider:4 | Gained mutation: You are completely covered in thin
                  | metallic scales. (AC +4, rElec) [demonic ancestry]
 44298 | Spider:4 | Reached XP level 19. HP: 148/155 MP: 28/36
 44557 | Spider:4 | Got a gossamer rune of Zot
 45293 | Vaults:1 | Entered Level 1 of the Vaults
 45593 | Vaults:1 | You fall into a shaft and drop 1 floor!
 47271 | Vaults:2 | Found Kuguurie's Weapon Shop.
 47297 | Vaults:2 | Reached skill level 10 in Polearms
 47300 | Vaults:2 | HP: 6/155 [frost giant/bolt of cold (18)]
 47301 | Vaults:2 | Mangled by a frost giant

Illustrated notes

Levels and vault maps discovered:
D:1:      amcnicky_arrival_abandoned_market, layout_basic
D:2:      layout_loops_ring, minmay_misc_feat_room
D:3:      layout_loops_ring
D:4:      layout_rooms, minmay_surrounded
D:5:      corexii_shantytown, layout_cave_pools, nicolae_elemental_shop
D:6:      layout_basic, minmay_temple_entry_overgrown,
          ebering_ghost_rock_garden, enter_ossuary_5, basic_altar, uniq_edmund
D:7:      minmay_the_grid_four_pointed_star
          [minmay_the_grid_triangle_9x9_from_above,
          minmay_the_grid_triangle_9x9_empty,
          minmay_the_grid_triangle_9x9_flanged_cone,
          minmay_the_grid_triangle_9x9_zippers_vertical,
          minmay_the_grid_prize_four_corners_diamond_a], layout_loops_ring,
          general_overflow_altar, serial_glass, glass_columns_b,
          glass_columns_a, basic_altar, serial_shops, shop,
          nicolae_shop_window_shopping, shop, shop, minivault_24
D:8:      gammafunk_boulding_lane, layout_gridville
D:9:      layout_stronghold, grunt_dithmenos_shadows, uniq_grum, uniq_erolcha
D:10:     layout_irregular_city, dk_noncrumbling_3, uniq_snorg
D:11:     layout_loops_ring, erik_lair_island, gauntlet_entry_generic,
          serial_undead, serial_undead_b, serial_undead_d, serial_undead_c,
          serial_undead_b
D:12:     layout_rooms, orc_0_dummy, enter_bailey_2, due_unseen_surprise,
          uniq_josephine
D:13:     layout_gridville, erik_vaults_2, serial_shops, shop, special_room
          [special_room_bee]
D:14:     layout_loops_ring, hangedman_decor_clover_reticule,
          gammafunk_ghost_hive, serial_shops, nicolae_shop_behind_doors,
          lemuel_flamethrower_3
D:15:     gammafunk_enter_depths_forms, layout_cross, minmay_crystal_water,
          gammafunk_ghost_hive, serial_shops, bzr_entry_road
Temple:   kilobyte_greek_temple
Lair:1:   layout_layer_cave, ebering_ghost_inner_flame, serial_bayou_shore_b
Lair:2:   layout_loops_ring, spider_nest_entry_funnel_web,
          minmay_lair_oklob_bushes, lemuel_fruit_fields,
          infiniplex_staircase_pool_2
Lair:3:   layout_cave_pods, patterned_corridor, grunt_megastairs_5
Lair:4:   layout_big_grid, skrybe_swamp_entry_bodies, minmay_lair_oklob_items,
          grunt_megastairs_2, lemuel_fruit_tree
Lair:5:   layout_layer_cave, st_stairs_4, serial_bayou_pond_c
Lair:6:   evil_forest, layout_gridlike, slime_dummy, basic_altar,
          grunt_megastairs_3, lemuel_fruit_fields
Swamp:1:  layout_basic_swamp, wheals_swamp_sinkhole, uniq_nikola
Spider:1: cheibrodos_spider_deadly_dance
Spider:2: nicolae_spider_mines_3, minmay_another_anthill
Spider:3: layout_spider_delve, drop_trap, hangedman_stitches_earthworm
Spider:4: grunt_spider_rune_parallel
Orc:1:    layout_caves, basic_altar, serial_shops, shop, sword_in_stone
Orc:2:    st_orc_open, layout_caves, basic_altar, minmay_orc_keep
Elf:1:    layout_gridlike, evilmike_minifort, minivault_28, uniq_louise
Elf:2:    layout_geoelf_grid, serial_shops, shop
Elf:3:    minmay_elf_hall_statues, layout_rooms, serial_corexii_hall,
          corexii_hall_statues_x, corexii_hall_statues_l,
          amcnicky_mini_corridor_feature, hangedman_elven_ridges,
          amethyst_killhole, grunt_ministairs_13, uniq_roxanne
Vaults:1: nicolae_vaults_alarming, v_misc_30, v_rooms_4,
          ontoclasm_vaults_gateway, vaults_room_grunt_arrival_ludios,
          nicolae_vaults_little_squares_1, layout_vaults_chaotic_city
Vaults:2: hangedman_vaults_trim, nicolae_vaults_little_squares_4,
          nicolae_vaults_specimen_jars, nicolae_vaults_network_periphery,
          v_misc_4, v_misc_24, nicolae_vaults_little_squares_3,
          nicolae_vaults_little_squares_4, v_misc_24, ontoclasm_vaults_shuriken,
          hangedman_vaults_nails, vaults_room_corners, dpeg_vaults_monster_box,
          layout_vaults_ring

Skill      XL: |  1  2  3  4  5  6  7  8  9 10 11 12 13 14 15 16 17 18 19 |
---------------+----------------------------------------------------------+-----
Fighting       | 1 2 3 4 5 6 8 9 10 11 12 13 14 15 | 15.4
Ice Magic      | 4 5 6 7 9 10 | 10.9
Spellcasting   | 3 4 5 6 7 8 9 10 11 12 13 | 13.5
Maces & Flails | 4 5 7 8 9 10 | 10.7
Shields        | 4 6 7 8 10 11 12 14 15 | 15.0
Armour         | 4 6 |  6.2
Invocations    | 6 |  6.8
Air Magic      | 6 8 |  8.0
Polearms       | 6 10 | 10.0
Dodging        | |  1.7
Stealth        | |  1.7

Action                   |  1- 3 |  4- 6 |  7- 9 | 10-12 | 13-15 | 16-18 | 19-21 || total
-------------------------+-------+-------+-------+-------+-------+-------+-------++-------
Melee: Club              |     6 |       |       |       |       |       |       ||     6
       Flail             |    56 |   117 |   487 |   592 |  1081 |   457 |       ||  2790
       Mace              |       |       |       |       |       |  1294 |       ||  1294
       Trident           |       |       |       |       |       |   222 |   285 ||   507
Throw: Dart              |       |       |       |    12 |     8 |     8 |       ||    28
 Cast: Freeze            |    29 |       |       |     1 |       |       |       ||    30
       Frozen Ramparts   |       |    11 |    52 |    63 |   104 |   120 |    17 ||   367
       Ozocubu's Armour  |       |       |    13 |    18 |    38 |    34 |     4 ||   107
       Airstrike         |       |       |       |       |       |    76 |     5 ||    81
Invok: Lesser Servant of |       |       |       |       |     1 |     6 |     1 ||     8
Evoke: Wand              |       |       |     3 |    22 |    45 |    14 |       ||    84
       Box of beasts     |       |       |       |     1 |     2 |     2 |       ||     5
       Lightning rod     |       |       |       |     2 |     8 |     7 |       ||    17
  Use: Scroll            |    10 |     6 |    11 |    17 |    20 |    20 |     2 ||    86
       Potion            |     2 |     3 |     8 |     9 |     9 |    18 |     3 ||    52
 Stab: Sleeping          |     1 |     1 |     1 |     2 |     6 |     5 |       ||    16
       Betrayed ally     |       |       |     1 |       |       |       |       ||     1
       Invisible         |       |       |       |     3 |       |     4 |     2 ||     9
       Distracted        |       |       |       |       |       |     6 |       ||     6
       Held in net/web   |       |       |       |       |       |     1 |       ||     1
Armor: Leather armour    |    29 |    41 |   327 |   223 |   465 |  1034 |    97 ||  2216
       Skin              |       |       |     2 |    15 |       |       |       ||    17
Dodge: Dodged            |    54 |    78 |   353 |   254 |   358 |   759 |   114 ||  1970
Block: Buckler           |       |       |    47 |    17 |       |       |       ||    64
       Tower shield      |       |       |       |   490 |  1138 |  2098 |       ||  3726
       Kite shield       |       |       |       |       |       |   166 |   181 ||   347
       Reflection        |       |       |       |       |       |       |     5 ||     5
